| TOP OF THE 1ST |
|
Great Falls Voyagers batting - Pitching for Greeneville Astros : RHP David Sanchez
|
|
Pitching: RHP David Sanchez
|
|
|
Batting: SHB Jay Gagnon
|
0-0: Swinging Strike 0-1: Foul Ball, location: 2F 0-2: Strikes out looking
|
|
Batting: RHB Mike Rosa
|
0-0: Called Strike 0-1: Ball 1-1: Called Strike 1-2: Foul Ball, location: 2F 1-2: Ball 2-2: Foul Ball, location: 2F 2-2: Ball 3-2: Base on Balls
|
|
Batting: LHB Justin Stickney
|
0-0: Ball Wild Pitch! Mike Rosa to second 1-0: Called Strike 1-1: Foul Ball, location: 2F 1-2: Strikes out swinging
|
|
Batting: LHB Jeff Alphonso
|
0-0: Ball 1-0: Foul Ball, location: 2F 1-1: Foul Ball, location: 2F 1-2: Foul Ball, location: 2F 1-2: Ball 2-2: Foul Ball, location: 2F 2-2: Ball 3-2: Ground out 4-3 (Groundball, 4, EV 79.4 MPH)
|
| Top of the 1st over - 0 runs, 0 hits, 0 errors, 1 left on base; Great Falls 0 - Greeneville 0 |
| BOTTOM OF THE 1ST |
|
Greeneville Astros batting - Pitching for Great Falls Voyagers : RHP Dicky Goedhart
|
|
Pitching: RHP Dicky Goedhart
|
|
|
Batting: RHB Omar Amaya
|
0-0: Foul Ball, location: 2F 0-1: Ball 1-1: Foul Ball, location: 2F 1-2: SINGLE (Groundball, 34D, EV 94.4 MPH)
|
|
Batting: RHB Russ Greer
|
0-0: Ball 1-0: SINGLE (Line Drive, 34D, EV 99.4 MPH) Omar Amaya to second Runner from 2nd tries for 3rd, SAFE, throw by RF made to third
|
|
Batting: LHB Daigo Ishii
|
0-0: Foul Ball, location: 2F 0-1: Foul Ball, location: 2F 0-2: Strikes out swinging
|
|
Batting: RHB Erik Smith
|
0-0: Grounds into double play, 6-4-3 (Groundball, 6, EV 102.5 MPH)
|
| Bottom of the 1st over - 0 runs, 2 hits, 0 errors, 1 left on base; Great Falls 0 - Greeneville 0 |
| TOP OF THE 2ND |
|
Great Falls Voyagers batting - Pitching for Greeneville Astros : RHP David Sanchez
|
|
Batting: RHB Andy Cotton
|
0-0: Ball 1-0: Foul Ball, location: 2F 1-1: Ball 2-1: Ball 3-1: Base on Balls
|
|
Batting: RHB David Rhodes
|
0-0: Called Strike Andy Cotton steals 2nd base 0-1: Ball 1-1: Foul Ball, location: 2F 1-2: Ball 2-2: Ball 3-2: Strikes out looking
|
|
Batting: RHB Billy Grubbs
|
0-0: Ball Wild Pitch! Andy Cotton to third 1-0: Foul Ball, location: 2F 1-1: Swinging Strike 1-2: Ball 2-2: Foul Ball, location: 2F 2-2: Ground out 6-3 (Groundball, 6, EV 92.5 MPH) Andy Cotton scores
|
|
Batting: SHB Jose Romo
|
0-0: Foul Ball, location: 2F 0-1: Called Strike 0-2: Ball 1-2: Foul Ball, location: 2F 1-2: Ball 2-2: Ball 3-2: Foul Ball, location: 2F 3-2: Strikes out swinging
|
| Top of the 2nd over - 1 run, 0 hits, 0 errors, 0 left on base; Great Falls 1 - Greeneville 0 |
| BOTTOM OF THE 2ND |
|
Greeneville Astros batting - Pitching for Great Falls Voyagers : RHP Dicky Goedhart
|
|
Batting: RHB Yoshitoshi Mori
|
0-0: Called Strike 0-1: Called Strike 0-2: Ball 1-2: Strikes out swinging
|
|
Batting: RHB Keith Goodwin
|
0-0: Called Strike 0-1: Ball 1-1: Called Strike 1-2: Strikes out swinging
|
|
Batting: RHB Guo-ning Chen
|
0-0: Hit by Pitch
|
|
Batting: SHB Miguel Sierra
|
0-0: Fielders Choice at 2nd, 5-4 (Groundball, 5, EV 91.9 MPH)
|
| Bottom of the 2nd over - 0 runs, 0 hits, 0 errors, 1 left on base; Great Falls 1 - Greeneville 0 |
| TOP OF THE 3RD |
|
Great Falls Voyagers batting - Pitching for Greeneville Astros : RHP David Sanchez
|
|
Batting: RHB Vladmiri Nugaibekov
|
0-0: Foul Ball, location: 2F 0-1: Ball 1-1: Foul Ball, location: 2F 1-2: Ball 2-2: Ground out 6-3 (Groundball, 6, EV 92.5 MPH)
|
|
Batting: SHB Jay Gagnon
|
0-0: Ball 1-0: Foul Ball, location: 2F 1-1: Ball 2-1: Foul Ball, location: 2F 2-2: Foul Ball, location: 2F 2-2: DOUBLE (Line Drive, 78D, EV 110.6 MPH)
|
|
Batting: RHB Mike Rosa
|
0-0: Called Strike 0-1: Ball 1-1: Ball 2-1: DOUBLE (Flyball, 9LM, EV 103.8 MPH) Jay Gagnon scores
|
|
Batting: LHB Justin Stickney
|
0-0: Ball 1-0: Ball 2-0: Ball 3-0: Base on Balls
|
|
Batting: LHB Jeff Alphonso
|
0-0: Called Strike 0-1: Ball Mike Rosa steals 3rd base 1-1: Foul Ball, location: 2F 1-2: Ball 2-2: Foul Ball, location: 2F 2-2: Strikes out looking
|
|
Batting: RHB Andy Cotton
|
0-0: Ball 1-0: Ball Passed Ball! Mike Rosa scores Justin Stickney to second 2-0: Ball Wild Pitch! Justin Stickney to third 3-0: Called Strike 3-1: Base on Balls
|
|
Batting: RHB David Rhodes
|
0-0: SINGLE (Groundball, 6MD, EV 98.1 MPH) Justin Stickney scores Andy Cotton to second Runner from 2nd tries for 3rd, SAFE, no throw by CF
|
|
Batting: RHB Billy Grubbs
|
0-0: Foul Ball, location: 2F 0-1: Called Strike 0-2: Strikes out swinging
|
| Top of the 3rd over - 3 runs, 3 hits, 0 errors, 2 left on base; Great Falls 4 - Greeneville 0 |
| BOTTOM OF THE 3RD |
|
Greeneville Astros batting - Pitching for Great Falls Voyagers : RHP Dicky Goedhart
|
|
Batting: RHB Roger Pelley
|
0-0: Foul Ball, location: 2F 0-1: Ball 1-1: Foul Ball, location: 2F 1-2: Ball 2-2: Strikes out swinging
|
|
Batting: RHB Omar Amaya
|
0-0: Ball 1-0: Ground out 6-3 (Groundball, 6S, EV 76.9 MPH)
|
|
Batting: RHB Russ Greer
|
0-0: Ball 1-0: Called Strike 1-1: Ground out 5-3 (Groundball, 5L, EV 80.0 MPH)
|
| Bottom of the 3rd over - 0 runs, 0 hits, 0 errors, 0 left on base; Great Falls 4 - Greeneville 0 |
| TOP OF THE 4TH |
|
Great Falls Voyagers batting - Pitching for Greeneville Astros : RHP David Sanchez
|
|
Pitching: RHP Jon Davis
|
|
|
Batting: SHB Jose Romo
|
0-0: Ball 1-0: SINGLE (Groundball, 6D, EV 96.9 MPH)
|
|
Batting: RHB Vladmiri Nugaibekov
|
0-0: Ball 1-0: SINGLE (Groundball, 4MD, EV 101.9 MPH) Jose Romo to second Runner from 2nd tries for 3rd, SAFE, throw by CF made to third
|
|
Batting: SHB Jay Gagnon
|
0-0: Called Strike 0-1: Foul Ball, location: 2F 0-2: Ball Wild Pitch! Jose Romo scores Vladmiri Nugaibekov to second 1-2: Strikes out swinging
|
|
Batting: RHB Mike Rosa
|
0-0: Ball 1-0: Foul Ball, location: 2F 1-1: 2-RUN HOME RUN (Line Drive, 7D, EV 96.2 MPH), Distance : 389 ft
|
|
Batting: LHB Justin Stickney
|
0-0: Called Strike 0-1: Swinging Strike 0-2: SINGLE (Line Drive, 78M, EV 96.2 MPH)
|
|
Batting: LHB Jeff Alphonso
|
0-0: Ball 1-0: Ball Justin Stickney steals 2nd base 2-0: Called Strike 2-1: Ball Wild Pitch! Justin Stickney to third 3-1: Base on Balls
|
|
Pitching: RHP Matt Doherty
|
|
|
Batting: RHB Andy Cotton
|
0-0: Ball 1-0: DOUBLE (Groundball, 5L, EV 105.0 MPH) Justin Stickney scores Jeff Alphonso to third
|
|
Batting: RHB David Rhodes
|
0-0: Ball 1-0: Ground out 1-3 (Groundball, 13S, EV 73.1 MPH)
|
|
Batting: RHB Billy Grubbs
|
0-0: Ball 1-0: Ball 2-0: Ball 3-0: Base on Balls
|
|
Batting: SHB Jose Romo
|
0-0: Ball 1-0: Foul Ball, location: 2F 1-1: GRAND SLAM HOME RUN (Flyball, 89XD, EV 105.0 MPH), Distance : 416 ft
|
|
Batting: RHB Vladmiri Nugaibekov
|
0-0: Swinging Strike 0-1: Ball 1-1: Ball 2-1: SOLO HOME RUN (Flyball, 7D, EV 95.0 MPH), Distance : 376 ft
|
|
Pitching: RHP Max Warburton
|
|
|
Batting: SHB Jay Gagnon
|
0-0: Ball 1-0: Foul Ball, location: 2F 1-1: DOUBLE (Line Drive, 78M, EV 105.6 MPH)
|
|
Batting: RHB Mike Rosa
|
0-0: Swinging Strike 0-1: Fly out, F9 (Flyball, 89M, EV 95.0 MPH)
|
| Top of the 4th over - 9 runs, 8 hits, 0 errors, 1 left on base; Great Falls 13 - Greeneville 0 |
| BOTTOM OF THE 4TH |
|
Greeneville Astros batting - Pitching for Great Falls Voyagers : RHP Dicky Goedhart
|
|
Batting: LHB Daigo Ishii
|
0-0: Foul Ball, location: 2F 0-1: Foul Ball, location: 2F 0-2: Ball 1-2: Foul Ball, location: 2F 1-2: Foul Ball, location: 2F 1-2: Strikes out looking
|
|
Batting: RHB Erik Smith
|
0-0: Ball 1-0: Ground out 5-3 (Groundball, 5S, EV 71.9 MPH)
|
|
Batting: RHB Yoshitoshi Mori
|
0-0: Ground out 6-3 (Groundball, 6, EV 80.0 MPH)
|
| Bottom of the 4th over - 0 runs, 0 hits, 0 errors, 0 left on base; Great Falls 13 - Greeneville 0 |
| TOP OF THE 5TH |
|
Great Falls Voyagers batting - Pitching for Greeneville Astros : RHP Max Warburton
|
|
Batting: LHB Justin Stickney
|
0-0: Ball 1-0: Ball 2-0: Called Strike 2-1: Foul Ball, location: 2F 2-2: SOLO HOME RUN (Flyball, 7D, EV 100.6 MPH), Distance : 391 ft
|
|
Batting: LHB Jeff Alphonso
|
0-0: Fly out, F8 (Flyball, 78S, EV 83.8 MPH)
|
|
Batting: RHB Andy Cotton
|
0-0: Ball 1-0: Ball 2-0: Swinging Strike 2-1: Ball 3-1: Base on Balls
|
|
Batting: RHB David Rhodes
|
0-0: Called Strike 0-1: Ball 1-1: Ball 2-1: Ball 3-1: Base on Balls Andy Cotton to second
|
|
Pitching: RHP Kuaika Anakala
|
|
|
Batting: RHB Billy Grubbs
|
0-0: Swinging Strike 0-1: Ball 1-1: Ball 2-1: Foul Ball, location: 2F 2-2: Fly out, F9 (Flyball, 89S, EV 83.8 MPH)
|
|
Batting: SHB Jose Romo
|
0-0: Swinging Strike 0-1: Ball 1-1: Called Strike 1-2: Strikes out swinging
|
| Top of the 5th over - 1 run, 1 hit, 0 errors, 2 left on base; Great Falls 14 - Greeneville 0 |
| BOTTOM OF THE 5TH |
|
Greeneville Astros batting - Pitching for Great Falls Voyagers : RHP Dicky Goedhart
|
|
Batting: RHB Keith Goodwin
|
0-0: Ball 1-0: Swinging Strike 1-1: Ball 2-1: Swinging Strike 2-2: Ball 3-2: Base on Balls
|
|
Batting: RHB Guo-ning Chen
|
0-0: Called Strike 0-1: Ball 1-1: Foul Ball, location: 2F 1-2: Strikes out swinging
|
|
Batting: SHB Miguel Sierra
|
0-0: Called Strike 0-1: Called Strike 0-2: SINGLE (Groundball, 34D, EV 94.4 MPH) Keith Goodwin to second Runner from 2nd tries for 3rd, SAFE, throw by RF made to third
|
|
Batting: RHB Roger Pelley
|
0-0: Called Strike 0-1: Foul Ball, location: 2F 0-2: Ball 1-2: Ball 2-2: Strikes out swinging
|
|
Batting: RHB Omar Amaya
|
0-0: Swinging Strike 0-1: Ball 1-1: Fly out, F7 (Line Drive, 78M, EV 93.8 MPH)
|
| Bottom of the 5th over - 0 runs, 1 hit, 0 errors, 2 left on base; Great Falls 14 - Greeneville 0 |
| TOP OF THE 6TH |
|
Great Falls Voyagers batting - Pitching for Greeneville Astros : RHP Kuaika Anakala
|
|
Batting: RHB Vladmiri Nugaibekov
|
0-0: Ball 1-0: DOUBLE (Flyball, 8LXD, EV 101.9 MPH)
|
|
Batting: SHB Jay Gagnon
|
0-0: Ball 1-0: Ball 2-0: Ball 3-0: Base on Balls
|
|
Batting: RHB Mike Rosa
|
0-0: Ball 1-0: Foul Ball, location: 2F 1-1: Ball 2-1: Ball 3-1: Fielders Choice at 2nd, 4-6 (Groundball, 4, EV 91.9 MPH) Vladmiri Nugaibekov to third
|
|
Pitching: RHP James Browning
|
|
|
Batting: LHB Justin Stickney
|
0-0: Foul Ball, location: 2F 0-1: Ball 1-1: Ball 2-1: Foul Ball, location: 2F 2-2: Ball 3-2: Grounds into double play, 3-6-3 (Groundball, 3, EV 98.8 MPH)
|
| Top of the 6th over - 0 runs, 1 hit, 0 errors, 1 left on base; Great Falls 14 - Greeneville 0 |
| BOTTOM OF THE 6TH |
|
Greeneville Astros batting - Pitching for Great Falls Voyagers : RHP Dicky Goedhart
|
|
Batting: RHB Russ Greer
|
0-0: SINGLE (Groundball, 4MD, EV 98.1 MPH)
|
|
Batting: LHB Daigo Ishii
|
0-0: Called Strike 0-1: Foul Ball, location: 2F 0-2: Ball 1-2: Foul Ball, location: 2F 1-2: Ball 2-2: Grounds into double play, 4-6-3 (Groundball, 4, EV 78.8 MPH)
|
|
Batting: RHB Erik Smith
|
0-0: Ball 1-0: DOUBLE (Line Drive, 78XD, EV 98.8 MPH)
|
|
Batting: RHB Yoshitoshi Mori
|
0-0: Ground out U3 (Groundball, 34, EV 88.1 MPH)
|
| Bottom of the 6th over - 0 runs, 2 hits, 0 errors, 1 left on base; Great Falls 14 - Greeneville 0 |
| TOP OF THE 7TH |
|
Great Falls Voyagers batting - Pitching for Greeneville Astros : RHP James Browning
|
|
Batting: LHB Jeff Alphonso
|
0-0: Ball 1-0: Called Strike 1-1: Called Strike 1-2: Foul Ball, location: 2F 1-2: Ball 2-2: Ball 3-2: Strikes out swinging
|
|
Batting: RHB Andy Cotton
|
0-0: Called Strike 0-1: Foul Ball, location: 2F 0-2: Strikes out swinging
|
|
Batting: RHB David Rhodes
|
0-0: Called Strike 0-1: Foul Ball, location: 2F 0-2: Ball 1-2: DOUBLE (Flyball, 89XD, EV 94.4 MPH)
|
|
Pitching: RHP Mike Wirick
|
|
|
Batting: RHB Billy Grubbs
|
0-0: Ball 1-0: Called Strike 1-1: Called Strike 1-2: Ball 2-2: Ball 3-2: Base on Balls
|
|
Pinch Hitting: RHB Kasey Bland
|
0-0: Ball 1-0: Called Strike 1-1: Ball 2-1: Foul Ball, location: 2F 2-2: Ball 3-2: SINGLE (Line Drive, 4MD, EV 107.5 MPH) David Rhodes to third Billy Grubbs to second David Rhodes scores Billy Grubbs to third
|
|
Batting: RHB Vladmiri Nugaibekov
|
0-0: Called Strike 0-1: Ground out 5-3 (Groundball, 15, EV 95.0 MPH)
|
| Top of the 7th over - 1 run, 2 hits, 0 errors, 2 left on base; Great Falls 15 - Greeneville 0 |
| BOTTOM OF THE 7TH |
|
Greeneville Astros batting - Pitching for Great Falls Voyagers : RHP Dicky Goedhart
|
|
Now at SS: Kasey Bland
|
|
|
Batting: RHB Keith Goodwin
|
0-0: Called Strike 0-1: Ball 1-1: Ground out 5-3 (Groundball, 56, EV 80.6 MPH)
|
|
Batting: RHB Guo-ning Chen
|
0-0: Called Strike 0-1: Called Strike 0-2: Ball 1-2: Ball 2-2: Ball 3-2: Base on Balls
|
|
Batting: SHB Miguel Sierra
|
0-0: Foul Ball, location: 2F 0-1: Swinging Strike 0-2: Foul Ball, location: 2F 0-2: Ball 1-2: Ball 2-2: Ball 3-2: Strikes out swinging Guo-ning Chen steals 2nd base (no throw) Batter strikes out.
|
|
Batting: RHB Roger Pelley
|
0-0: Fly out, F9 (Flyball, 9LS, EV 85.0 MPH)
|
| Bottom of the 7th over - 0 runs, 0 hits, 0 errors, 1 left on base; Great Falls 15 - Greeneville 0 |
| TOP OF THE 8TH |
|
Great Falls Voyagers batting - Pitching for Greeneville Astros : RHP Mike Wirick
|
|
Batting: SHB Jay Gagnon
|
0-0: Ball 1-0: Ball 2-0: Ball 3-0: Base on Balls
|
|
Pitching: RHP Gabe Allen
|
|
|
Batting: RHB Mike Rosa
|
0-0: Foul Ball, location: 2F 0-1: Called Strike 0-2: Foul Ball, location: 2F 0-2: Strikes out swinging
|
|
Batting: LHB Justin Stickney
|
0-0: Ball 1-0: Grounds into double play, 6-4-3 (Groundball, 6, EV 98.8 MPH)
|
| Top of the 8th over - 0 runs, 0 hits, 0 errors, 0 left on base; Great Falls 15 - Greeneville 0 |
| BOTTOM OF THE 8TH |
|
Greeneville Astros batting - Pitching for Great Falls Voyagers : RHP Dicky Goedhart
|
|
Batting: RHB Omar Amaya
|
0-0: Called Strike 0-1: Ball 1-1: Foul Ball, location: 2F 1-2: Ball 2-2: Foul Ball, location: 2F 2-2: Strikes out swinging
|
|
Batting: RHB Russ Greer
|
0-0: Ball 1-0: Foul Ball, location: 2F 1-1: Foul Ball, location: 2F 1-2: Strikes out swinging
|
|
Batting: LHB Daigo Ishii
|
0-0: Ball 1-0: Ball 2-0: Called Strike 2-1: Ball 3-1: Base on Balls
|
|
Batting: RHB Erik Smith
|
0-0: Ball 1-0: Swinging Strike 1-1: Fly out, F7 (Flyball, 7D, EV 99.4 MPH)
|
| Bottom of the 8th over - 0 runs, 0 hits, 0 errors, 1 left on base; Great Falls 15 - Greeneville 0 |
| TOP OF THE 9TH |
|
Great Falls Voyagers batting - Pitching for Greeneville Astros : RHP Gabe Allen
|
|
Batting: LHB Jeff Alphonso
|
0-0: SOLO HOME RUN (Flyball, 9LD, EV 87.5 MPH), Distance : 332 ft
|
|
Batting: RHB Andy Cotton
|
0-0: Swinging Strike 0-1: Ball 1-1: Called Strike 1-2: Ball 2-2: Foul Ball, location: 2F 2-2: Foul Ball, location: 2F 2-2: Ball 3-2: Base on Balls
|
|
Batting: RHB David Rhodes
|
0-0: Swinging Strike 0-1: Ball 1-1: Swinging Strike 1-2: Ball 2-2: Ball 3-2: Foul Ball, location: 2F 3-2: Base on Balls Andy Cotton to second
|
|
Batting: RHB Billy Grubbs
|
0-0: Called Strike 0-1: Ball 1-1: Swinging Strike 1-2: Strikes out looking
|
|
Pitching: RHP Josh Willig
|
|
|
Batting: RHB Kasey Bland
|
0-0: SINGLE (Groundball, 6, EV 98.1 MPH) Andy Cotton to third David Rhodes to second
|
|
Batting: RHB Vladmiri Nugaibekov
|
0-0: SINGLE (Line Drive, 7S, EV 94.4 MPH) Andy Cotton scores David Rhodes to third Kasey Bland to second
|
|
Batting: SHB Jay Gagnon
|
0-0: Ball 1-0: Swinging Strike 1-1: Swinging Strike 1-2: Strikes out swinging
|
|
Batting: RHB Mike Rosa
|
0-0: Ball 1-0: Ball 2-0: Foul Ball, location: 2F 2-1: Foul Ball, location: 2F 2-2: Fly out, F7 (Line Drive, 7, EV 88.1 MPH)
|
| Top of the 9th over - 2 runs, 3 hits, 0 errors, 3 left on base; Great Falls 17 - Greeneville 0 |
| BOTTOM OF THE 9TH |
|
Greeneville Astros batting - Pitching for Great Falls Voyagers : RHP Dicky Goedhart
|
|
Batting: RHB Yoshitoshi Mori
|
0-0: Called Strike 0-1: Ball 1-1: Ground out 4-3 (Groundball, 4M, EV 94.4 MPH)
|
|
Batting: RHB Keith Goodwin
|
0-0: Ball 1-0: Foul Ball, location: 2F 1-1: Ball 2-1: Swinging Strike 2-2: Strikes out looking
|
|
Pitching: RHP Alec Guglielmo
|
|
|
Batting: RHB Guo-ning Chen
|
0-0: Called Strike 0-1: Ground out 6-3 (Groundball, 6, EV 101.2 MPH)
|
| Bottom of the 9th over - 0 runs, 0 hits, 0 errors, 0 left on base; Great Falls 17 - Greeneville 0 |
|